 Dungeon Crawl Stone Soup version 0.32-a0-701-g6677626 (webtiles) character file.

Game seed: 9406004034759148739

282 Toastz the Vexing (level 6, -5/36 HPs)
             Began as a Kobold Enchanter on Mar 13, 2024.
             Killed from afar by a death drake (17 damage)
             ... with a foul vapour
             ... on level 1 of the Abyss.
             The game lasted 00:08:02 (4151 turns).

Toastz the Vexing (Kobold Enchanter)                Turns: 4151, Time: 00:08:03

Health: -5/36      AC:  3    Str:  5    XL:     6   Next: 53%
Magic:  5/9        EV: 14    Int: 19    God:
Gold:   289        SH:  0    Dex: 15    Spells: 1/9 levels left

rFire   . . .        b - +0 dagger (flame)
rCold   + . .        (no shield)
rNeg    . . .        y - +0 robe
rPois   .            (no helmet)
rElec   .            (no cloak)
rCorr   +            (no gloves)
SInv    .            g - +0 pair of boots
Will    .....        (no amulet)
Stlth   ++++         f - ring of resist corrosion
HPRegen 0.26/turn    q - ring of protection from cold
MPRegen 0.11/turn

%: no passive effects
@: lethally poisoned (-5 -> -21), very slightly contaminated
A: small, no large weapons, nightstalker 3
a: no special abilities


You were on level 1 of the Abyss.
You visited 1 branch of the dungeon, and saw 4 of its levels.
You visited the Abyss 1 time.

You collected 289 gold pieces.

Inventory:

Hand Weapons
 a - a +1 dagger
 b - a +0 dagger of flaming (weapon)
 w - a +0 rapier
Missiles
 u - 2 atropa-tipped darts (quivered)
Armour
 g - a +0 pair of boots (worn)
 y - a +0 robe (worn)
Jewellery
 d - a ring of fire
 f - a ring of resist corrosion (left hand)
 p - an amulet of guardian spirit
 q - a ring of protection from cold (right hand)
Wands
 j - a wand of digging (5)
Scrolls
 e - a scroll of amnesia
 i - 2 scrolls of butterflies
 k - 2 scrolls of fog
 o - a scroll of noise {unknown}
 r - a scroll of fear
Potions
 c - 2 potions of invisibility
 h - a potion of heal wounds {unknown}
 l - 3 potions of curing {unknown}
 m - 2 potions of cancellation {unknown}
 n - a potion of degeneration {unknown}
 s - a potion of mutation {unknown}
 t - 2 potions of haste {unknown}
 v - a potion of berserk rage {unknown}
 x - a potion of lignification {unknown}


   Skills:
 + Level 2.5 Fighting
 + Level 3.3 Short Blades
 - Level 3.7 Dodging
 * Level 4.0 Stealth
 - Level 2.1 Spellcasting
 - Level 4.7 Hexes
 - Level 2.0 Ice Magic


You had one spell level left.
You knew the following spells:

 Your Spells              Type           Power      Damage    Failure   Level
a - Ensorcelled Hibernat  Hex/Ice        28%        N/A       6%          2
b - Confusing Touch       Hex            19%        N/A       7%          3
c - Tukima's Dance        Hex            19%        N/A       7%          3

Your spell library contained the following spells:

 Spells                   Type           Power      Damage    Failure   Level
 Apportation              Tloc           4%         N/A       17%         1
 Necrotise                Necr           8%         1d4       17%         1
 Sting                    Conj/Alch      8%         1d3       17%         1
 Summon Small Mammal      Summ           8%         N/A       17%         1
 Dazzling Flash           Conj/Hex       22%        N/A       19%         3


Dungeon Overview and Level Annotations

Branches:
Dungeon (4/15)
 Temple: D:4-7

Altars:
Okawaru
Qazlal

Annotations:
D:4 Sigmund


Innate Abilities, Weirdness & Mutations

You are small and have problems with some larger weapons.
You are completely attuned to the shadows.


Message History

Okay, then.
An air elemental comes into view.
You enter the shallow water.
Moving in this stuff is going to be slow.
There is an open door here.
There is an open door here.
A raiju comes into view.
A worldbinder comes into view.
A large abomination comes into view.
A chaos spawn comes into view.
The chaos spawn shouts!
As you read the scroll labelled OKHLOXK XECOCK, it crumbles to dust.
You assume a fearsome visage.
The chaos spawn looks frightened!
It was a scroll of fear.
A death drake comes into view.
The death drake hisses angrily.
The death drake bites you!
You hit the death drake but do no damage.
Casting: Ensorcelled Hibernation (safe; 6% risk of failure)
Confirm with . or Enter, or press ? or * to list all spells.
Aiming: Ensorcelled Hibernation (safe; 6% risk of failure)
Press: ? - help, Shift-Dir - straight line, f - death drake
Aim: a death drake (chance to affect: 30%)
You miscast Ensorcelled Hibernation.
You are very lightly contaminated with residual magic.
Nothing appears to happen.
The death drake bites you!
Casting: Ensorcelled Hibernation (safe; 6% risk of failure)
Confirm with . or Enter, or press ? or * to list all spells.
Aiming: Ensorcelled Hibernation (safe; 6% risk of failure)
Press: ? - help, Shift-Dir - straight line, f/p - death drake
Aim: a death drake (chance to affect: 30%)
The death drake looks drowsy...
The helpless death drake fails to defend itself.
You impale the death drake!! You burn the death drake!
The death drake is heavily wounded.
The death drake bites you. The death drake breathes miasma at you.
The foul vapour engulfs you!
You are lethally poisoned!
You die...

. .. ..
#.### #..#
. . .
.##.#...
#.### .# ..
.##.. .#
.##.#.#..#
# .
....##.##
##
.##..###. #
......#....
# ###.####
#....@.###
...#.##k#
##.#.# .# .
#.# .# .
#.# .#


You could see a death drake (catching breath).

Vanquished Creatures
  A black bear (D:3)
  The ghost of rotlqkf the Ruffian, an amateur VSFi (D:3)
  4 adders
  A hound simulacrum (D:3)
  A ribbon worm (D:3)
  An adder simulacrum (D:3)
  7 endoplasms
  4 giant cockroaches
  6 goblins
  12 hobgoblins
  2 jackals (D:4)
  8 kobolds
  A quokka (D:3)
  5 ball pythons
  7 bats
  7 frilled lizards
  A giant cockroach simulacrum (D:3)
  2 jackal simulacra (D:3)
  A rat (D:2)
72 creatures vanquished.

Notes
Turn   | Place    | Note
-------+----------+-------------------------------------------
     0 | D:1      | Toastz the Kobold Enchanter began the quest for the Orb.
     0 | D:1      | Reached XP level 1. HP: 10/10 MP: 3/3
    87 | D:1      | Reached XP level 2. HP: 16/16 MP: 5/5
    90 | D:1      | Learned a level 2 spell: Ensorcelled Hibernation
   229 | D:1      | You fall into a shaft and drop 1 floor!
   303 | D:2      | Reached XP level 3. HP: 20/20 MP: 6/6
   402 | D:2      | Found a stormy altar of Qazlal.
   810 | D:1      | Reached skill level 1 in Ice Magic
   816 | D:1      | Reached skill level 1 in Fighting
   820 | D:1      | Learned a level 3 spell: Confusing Touch
  1358 | D:2      | Reached XP level 4. HP: 25/25 MP: 4/7
  2185 | D:3      | Found a runed translucent gate.
  2186 | D:3      | Found a runed translucent gate.
  2187 | D:3      | Found a runed translucent gate.
  2410 | D:3      | Noticed a black bear
  2423 | D:3      | Killed a black bear
  2424 | D:3      | Reached XP level 5. HP: 18/30 MP: 0/8
  3279 | D:3      | Noticed rotlqkf's ghost (amateur VSFi)
  3306 | D:3      | Reached XP level 6. HP: 31/35 MP: 6/9
  3317 | D:3      | Killed rotlqkf's ghost
  3436 | D:4      | Noticed Sigmund
  3850 | D:4      | Learned a level 3 spell: Tukima's Dance
  3862 | D:4      | Identified the +7 hammer of the Eternal Warrior {heavy,
                  | rElec}
  3867 | D:4      | Identified the +5 hammer of the Final Chapter {holy, rF+}
  3929 | D:4      | Found an iron altar of Okawaru.
  3948 | Abyss:1  | Cast into level 1 of the Abyss (Sigmund)
  3962 | Abyss:1  | Noticed a wretched star
  4012 | Abyss:1  | Noticed an air elemental
  4066 | Abyss:1  | Noticed a raiju
  4072 | Abyss:1  | Noticed a worldbinder
  4091 | Abyss:1  | Noticed a large abomination
  4101 | Abyss:1  | Noticed a chaos spawn
  4147 | Abyss:1  | Noticed a death drake
  4151 | Abyss:1  | Killed from afar by a death drake

Illustrated notes

Levels and vault maps discovered:
D:1:      erik_arrival_blinker_ship, layout_basic
D:2:      layout_basic, basic_altar, grunt_decor_one_mirror
D:3:      layout_loops_corners, gammafunk_ghost_icy, kennysheep_generic_room_14
D:4:      layout_basic, mainiacjoe_overflow_paths, uniq_crazy_yiuf_cottage,
          uniq_sigmund
Abyss:1:  base:
D:3

Skill      XL: |  1  2  3  4  5  6 |
---------------+-------------------+-----
Short Blades   | 2 3 |  3.3
Ice Magic      | 1 2 |  2.0
Fighting       | 1 2 |  2.5
Dodging        | 3 |  3.7
Hexes          | 4 |  4.7
Stealth        | |  4.0
Spellcasting   | |  2.1

Action                     |  1- 3 |  4- 6 || total
---------------------------+-------+-------++-------
  Melee: Dagger            |    80 |   105 ||   185
   Cast: Ensorcelled Hiber |     2 |    12 ||    14
         Confusing Touch   |       |     3 ||     3
    Use: Scroll            |       |     4 ||     4
   Stab: Sleeping          |    16 |    25 ||    41
         Confused          |       |     4 ||     4
 Armour: Robe              |    22 |    39 ||    61
  Dodge: Dodged            |    52 |    59 ||   111

Table legend: (Time is in decaauts)
 A = Elapsed time spent in this place.
 B = Non-inter-level travel time spent in this place.
 C = Inter-level travel time spent in this place.
 D = Time resting spent in this place.
 E = Time spent auto-exploring this place.
 F = Levels seen in this place.
 G = Mean time per level.
                   A        B        C        D        E       F      G
               +--------+--------+--------+--------+--------+-----+--------+
         Total |   4128 |   3973 |    155 |     65 |   3104 |   5 |  825.6 |
       Dungeon |   3923 |   3768 |    155 |     65 |   3104 |   4 |  980.8 |
         Abyss |    204 |    204 |      0 |      0 |      0 |   1 |  204.0 |
               +--------+--------+--------+--------+--------+-----+--------+

Top non-repeatable levels by time:
     D:3: 1428 daAuts
     D:1: 1086 daAuts
     D:2: 938 daAuts
     D:4: 470 daAuts
 Abyss:1: 204 daAuts
